 Dungeon Crawl Stone Soup version 0.30-a0-174-gbc10bd73c2 (webtiles) character file.

Game seed: 17012396130215018919

767 qw the Chopper (level 7, -1/44 HPs)
             Began as a Gargoyle Fighter on Oct 1, 2022.
             Slain by a kobold brigand
             ... wielding a +0 short sword
              (5 damage)
             ... on level 4 of the Dungeon.
             The game lasted 00:01:42 (3742 turns).

qw the Chopper (Gargoyle Fighter)                   Turns: 3742, Time: 00:01:43

Health: -1/44      AC: 19    Str: 22    XL:     7   Next: 82%
Magic:  7/7        EV:  6    Int:  8    God:
Gold:   203        SH:  4    Dex:  9    Spells: 6/6 levels left

rFire   . . .      SeeInvis +    Y - +0 war axe
rCold   . . .      Faith    .    c - +0 buckler
rNeg    + . .      Spirit   .    a - +0 plate armour
rPois   inf        Reflect  .    o - +0 helmet
rElec   +          Harm     .    e - +0 cloak
rCorr   .          Rampage  .    (no gloves)
Will    .....                    (no boots)
Stlth   ..........               (no amulet)
HPRegen 0.27/turn                p - ring of see invisible
MPRegen 0.10/turn                (no ring)

@: no status effects
A: sickness immunity, AC +4, negative energy resistance 1, electricity
resistance, torment resistance 1, petrification resistance
a: no special abilities


You were on level 4 of the Dungeon.
You visited 1 branch of the dungeon, and saw 4 of its levels.

You collected 203 gold pieces.


Innate Abilities, Weirdness & Mutations

You are immune to sickness and miasma.
Your stone body is resilient. (AC +4)
You are immune to poison.
You resist negative energy. (rN+)
You are resistant to electric shocks. (rElec)
You are resistant to unholy torment.
You are immune to petrification.


   Skills:
 - Level 4.8 Fighting
 + Level 6.6 Axes
 - Level 4.0 Armour
 - Level 1.9 Dodging
 - Level 3.2 Shields


You had 6 spell levels left.
You didn't know any spells.
Your spell library was empty.

Inventory:

Hand Weapons
 h - a +2 vampiric whip
 Y - a +0 war axe (weapon)
Missiles
 j - 2 boomerangs (quivered)
Armour
 a - a +0 plate armour (worn)
 c - a +0 buckler (worn)
 e - a +0 cloak (worn)
 o - a +0 helmet (worn)
Jewellery
 p - a ring of see invisible (left hand)
Scrolls
 f - 2 scrolls of identify
Potions
 d - a potion of might
 g - a potion of lignification
 n - a potion of curing

Dungeon Overview and Level Annotations

Branches:
Dungeon (4/15)
 Temple: D:4-7

Altars:

Shops:
D:1 ?


Message History

You barely miss the kobold brigand. The gnoll hits you but does no damage.
The kobold brigand completely misses you.
The kobold brigand hits you with a +0 club.
You closely miss the kobold brigand.
The kobold brigand is moderately wounded.
You closely miss the kobold brigand. You block the gnoll's attack.
The kobold brigand barely misses you.
The kobold brigand hits you but does no damage.
You closely miss the kobold brigand.
The kobold brigand is moderately wounded.
You completely miss the kobold brigand. The gnoll hits you but does no damage.
The kobold brigand hits you with a +0 short sword.
The kobold brigand hits you but does no damage.
You slash the kobold brigand!
The kobold brigand is almost dead.
You closely miss the kobold brigand. The gnoll hits you but does no damage.
The kobold brigand hits you but does no damage. x2
The gnoll hits you from afar with a +0 spear.
The kobold brigand hits you but does no damage.
The kobold brigand hits you with a +0 short sword.
You barely miss the kobold brigand.
The kobold brigand is almost dead.
You hit the kobold brigand but do no damage.
The gnoll barely misses you.
The kobold brigand hits you with a +0 short sword.
The kobold brigand hits you with a +0 club.
You slash the kobold brigand!
You kill the kobold brigand!
You barely miss the kobold brigand. The gnoll hits you but does no damage.
The kobold brigand hits you but does no damage.
You slash the kobold!
You kill the kobold!
You hit the kobold brigand. You block the gnoll's attack.
The kobold brigand hits you with a +0 short sword.
You die...

#~~~~~~~~~~~~~~~~~~~~~~~~~~~~
#~~~~~~~~~#####~~~~~~~~~~~~~~
#~~~~~~~~~#...###############
#~~~~~~~~~#...#..............
#~~~~~~~~~#)))#.....)((......
##)##.....)........
#).....########... #......#
#... #@K(...########...
#)##..............
gK.#..............
#...#..............
#!..############### #####


You could see a kobold brigand, a gnoll and a kobold.

Vanquished Creatures
  Pargi (D:4)
  A black bear (D:4)
  A phantom (D:4)
  A kobold brigand (D:4)
  A howler monkey (D:4)
  2 hounds (D:4)
  An orc wizard (D:3)
  An iguana (D:4)
  Robin (D:3)
  3 adders
  11 gnolls
  A worm (D:4)
  3 dart slugs (D:4)
  12 orcs
  8 endoplasms
  15 goblins
  11 hobgoblins
  27 kobolds
  2 quokkas (D:2)
  8 ball pythons
  11 bats
  3 frilled lizards (D:1)
  6 rats
131 creatures vanquished.

Notes
Turn   | Place    | Note
-------+----------+-------------------------------------------
     0 | D:1      | qw the Gargoyle Fighter began the quest for the Orb.
     0 | D:1      | Reached XP level 1. HP: 14/14 MP: 1/1
     0 | D:1      | 0 ||| qw: Version: 0.2-a-13-gfc7b4b4
     0 | D:1      | 0 ||| qw: Game counter: 1843
     0 | D:1      | 0 ||| qw: Always use a shield: true
     0 | D:1      | 0 ||| qw: God list: Okawaru
     0 | D:1      | 0 ||| qw: Allow faded altars: false
     0 | D:1      | 0 ||| qw: Do Orc after D:15 true
     0 | D:1      | 0 ||| qw: Do second Lair branch before Depths: true
     0 | D:1      | 0 ||| qw: Lair rune preference: random
     0 | D:1      | 0 ||| qw: Plans: Normal, Zot:1-4, God:TSO, Crypt, Tomb,
                  | Pan, Slime:5, Hells, Abyss, Orb
     0 | D:1      | 0 ||| PLANNING D:1-11
    30 | D:1      | Reached skill level 2 in Axes
    43 | D:1      | 43 ||| Stepping ~*~*~tactically~*~*~ (stealth).
    51 | D:1      | 51 ||| Stepping ~*~*~tactically~*~*~ (stealth).
    63 | D:1      | Reached XP level 2. HP: 17/19 MP: 2/2
   171 | D:1      | 171 ||| Stepping ~*~*~tactically~*~*~ (stealth).
   217 | D:1      | Found Unnuxtiwn's Magic Scroll Emporium.
   233 | D:1      | 233 ||| SHOPLISTING scroll of enchant weapon (105 gold,
                  | have 1).
   233 | D:1      | 233 ||| SHOPLISTING scroll of identify (28 gold, have 1).
   283 | D:1      | 283 ||| Stepping ~*~*~tactically~*~*~ (stealth).
   291 | D:1      | Reached skill level 3 in Axes
   312 | D:1      | 312 ||| DROPPING +0 whip.
   486 | D:1      | 486 ||| UPGRADING to +0 cloak.
   491 | D:1      | 491 ||| READING scroll labelled FYWAFUFFIX.
   492 | D:1      | 492 ||| DRINKING 2 sedimented black potions.
   602 | D:2      | Reached XP level 3. HP: 23/23 MP: 3/3
   693 | D:2      | Found a faded altar of an unknown god.
   845 | D:2      | 845 ||| Stepping ~*~*~tactically~*~*~ (stealth).
   891 | D:2      | Reached XP level 4. HP: 26/28 MP: 4/4
   895 | D:2      | Reached skill level 4 in Axes
  1289 | D:2      | 1289 ||| UPGRADING to +1 ring mail of fire resistance.
  1299 | D:2      | 1299 ||| READING scroll labelled QIGAVA DUORU.
  1300 | D:2      | 1300 ||| READING 3 scrolls labelled VUDOFEUTRU.
  1301 | D:2      | 1301 ||| READING 3 scrolls labelled PEPOUDU DERULA.
  1402 | D:2      | 1402 ||| READING scroll labelled ZYPROV RENWI.
  1406 | D:2      | 1406 ||| READING 2 scrolls of identify.
  1406 | D:2      | 1406 ||| IDENTIFYING puce potion
  1407 | D:2      | 1407 ||| DROPPING 2 scrolls of silence.
  1408 | D:2      | 1408 ||| DROPPING potion of flight.
  1427 | D:3      | 1427 ||| PLANNING SEWER
  1525 | D:3      | 1525 ||| Stepping ~*~*~tactically~*~*~ (stealth).
  1535 | D:3      | 1535 ||| Stepping ~*~*~tactically~*~*~ (stealth).
  1542 | D:3      | 1542 ||| Stepping ~*~*~tactically~*~*~ (hiding).
  1543 | D:3      | 1543 ||| Stepping ~*~*~tactically~*~*~ (hiding).
  1640 | D:3      | 1640 ||| Stepping ~*~*~tactically~*~*~ (stealth).
  1641 | D:3      | Noticed Robin
  1642 | D:3      | 1642 ||| Stepping ~*~*~tactically~*~*~ (hiding).
  1644 | D:3      | 1644 ||| Stepping ~*~*~tactically~*~*~ (hiding).
  1662 | D:3      | Killed Robin
  1667 | D:3      | Reached XP level 5. HP: 23/32 MP: 5/5
  1820 | D:3      | 1820 ||| Stepping ~*~*~tactically~*~*~ (stealth).
  1826 | D:3      | 1826 ||| Stepping ~*~*~tactically~*~*~ (hiding).
  1940 | D:3      | Reached skill level 5 in Axes
  2034 | D:3      | 2034 ||| RIP SEWER
  2085 | D:3      | 2085 ||| PLANNING D:1-11
  2370 | D:3      | 2370 ||| DROPPING +0 scale mail.
  2371 | D:3      | 2371 ||| UPGRADING to +0 chain mail.
  2381 | D:3      | 2381 ||| UPGRADING to +0 helmet.
  2386 | D:3      | 2386 ||| UPGRADING to ring of see invisible.
  2387 | D:3      | 2387 ||| READING scroll labelled PEANUY SAGA.
  2388 | D:3      | 2388 ||| READING scroll labelled FAEKHY RITUMN.
  2389 | D:3      | 2389 ||| READING scroll labelled NUER WERAKE.
  2390 | D:3      | 2390 ||| READING 2 scrolls of identify.
  2390 | D:3      | 2390 ||| IDENTIFYING smoky clear potion
  2391 | D:3      | 2391 ||| DROPPING potion of berserk rage.
  2444 | D:4      | 2444 ||| PLANNING OSSUARY
  2525 | D:4      | Noticed a black bear
  2528 | D:4      | Noticed a phantom
  2533 | D:4      | Killed a black bear
  2534 | D:4      | Reached XP level 6. HP: 24/40 MP: 6/6
  2651 | D:4      | 2651 ||| Stepping ~*~*~tactically~*~*~ (stealth).
  2661 | D:4      | 2661 ||| Stepping ~*~*~tactically~*~*~ (stealth).
  2664 | D:4      | 2664 ||| Stepping ~*~*~tactically~*~*~ (stealth).
  2689 | D:4      | 2689 ||| Stepping ~*~*~tactically~*~*~ (hiding).
  2811 | D:4      | 2811 ||| Stepping ~*~*~tactically~*~*~ (stealth).
  2822 | D:4      | Noticed Pargi
  2823 | D:4      | 2823 ||| Stepping ~*~*~tactically~*~*~ (stealth).
  2839 | D:4      | Reached XP level 7. HP: 38/44 MP: 7/7
  2853 | D:4      | Reached skill level 6 in Axes
  2855 | D:4      | Killed Pargi
  2856 | D:4      | Reached skill level 1 in Dodging
  2889 | D:4      | 2889 ||| FLEEEEING.
  2896 | D:4      | 2896 ||| FLEEEEING.
  2897 | D:4      | 2897 ||| FLEEEEING.
  2898 | D:4      | 2898 ||| FLEEEEING.
  2899 | D:4      | 2899 ||| FLEEEEING.
  2900 | D:4      | 2900 ||| FLEEEEING.
  2901 | D:4      | 2901 ||| FLEEEEING.
  2902 | D:4      | 2902 ||| FLEEEEING.
  2906 | D:4      | 2906 ||| FLEEEEING.
  2964 | D:4      | 2964 ||| Stepping ~*~*~tactically~*~*~ (stealth).
  2965 | D:4      | 2965 ||| Stepping ~*~*~tactically~*~*~ (stealth).
  3130 | D:4      | Found a sand-covered staircase.
  3131 | D:4      | 3131 ||| READING scroll labelled DEON FEICZUC.
  3132 | D:4      | 3132 ||| READING 3 scrolls of identify.
  3132 | D:4      | 3132 ||| IDENTIFYING fuming emerald potion
  3225 | D:4      | 3225 ||| UPGRADING to +0 plate armour.
  3235 | D:4      | 3235 ||| DROPPING +0 chain mail.
  3236 | D:4      | 3236 ||| DROPPING +1 ring mail of fire resistance.
  3573 | D:4      | HP: 10/44 [gnoll/+0 halberd (6)]
  3739 | D:4      | HP: 8/44 [kobold brigand/+0 short sword (4)]
  3740 | D:4      | HP: 3/44 [kobold brigand/+0 club (3)]
  3742 | D:4      | Slain by a kobold brigand

Levels and vault maps discovered:
D:1:      dpeg_arrival_houses_and_road, layout_rooms, serial_shops,
          nicolae_shop_stone
D:2:      layout_basic, hellmonk_ecumenical_altar_arch_garden, minivault_19
D:3:      layout_loops_ring, portal_sewer_entry_e, grunt_decor_one_mirror,
          uniq_robin
D:4:      minmay_goblin_kobold_castle, layout_loops_ring,
          chequers_ossuary_entry_cave, hex_large, minmay_bent, uniq_pargi

Skill      XL: |  1  2  3  4  5  6  7 |
---------------+----------------------+-----
Axes           | 2 3 4 5 6 |  6.6
Fighting       | 4 |  4.8
Dodging        | 1 |  1.9
Armour         | 4 |  4.0
Shields        | |  3.2

Action                   |  1- 3 |  4- 6 |  7- 9 || total
-------------------------+-------+-------+-------++-------
Melee: War axe           |    89 |   162 |   122 ||   373
Throw: Boomerang         |     6 |    40 |    18 ||    64
  Use: Scroll            |     1 |     9 |     2 ||    12
       Potion            |     1 |       |       ||     1
Armor: Scale mail        |    47 |     4 |       ||    51
       Ring mail         |       |    51 |       ||    51
       Chain mail        |       |    58 |    53 ||   111
       Plate armour      |       |       |    77 ||    77
Dodge: Dodged            |    43 |    74 |    59 ||   176
Block: Buckler           |    14 |    39 |    33 ||    86

Table legend:
 A = Non-vault XP
 B = Vault XP
 C = Vault XP percentage of total XP
 D = Non-vault monster count
 E = Vault monster count
 F = Vault count percentage of total count
                 A         B        C        D         E       F
            +---------+---------+-------+---------+---------+-------
      Total |     589 |     509 |  46.4 |      86 |      45 |  34.4
            +---------+---------+-------+---------+---------+-------
        D:1 |      32 |       0 |   0.0 |      22 |       0 |   0.0
        D:2 |      84 |       0 |   0.0 |      19 |       0 |   0.0
        D:3 |      99 |      34 |  25.6 |      28 |      11 |  28.2
        D:4 |     374 |     475 |  55.9 |      17 |      34 |  66.7
            +---------+---------+-------+---------+---------+-------
